 Dungeon Crawl Stone Soup version 0.28-a0-722-gc0678643b6 (webtiles) character file.

Game seed: 4584434922027634945

58 Lekart the Vexing (level 3, -3/28 HPs)
             Began as a Draconian Arcane Marksman on Oct 24, 2021.
             Was a Follower of Dithmenos.
             Slain by a gnoll (5 damage)
             ... on level 2 of the Dungeon.
             The game lasted 00:01:56 (1448 turns).

Lekart the Vexing (Draconian Arcane Marksman)       Turns: 1448, Time: 00:01:56

Health: -3/28      AC:  5    Str: 13    XL:     3   Next: 75%
Magic:  5/5        EV:  6    Int: 13    God:    Dithmenos [*.....]
Gold:   48         SH:  0    Dex: 11    Spells: 5/5 levels left

rFire   . . .      SeeInvis .   a - +0 hand crossbow
rCold   . . .      Faith    .   (no shield)
rNeg    . . .      Spirit   .   (armour unavailable)
rPois   .          Reflect  .   (helmet restricted)
rElec   .          Harm     .   (no cloak)
rCorr   .          Rampage  .   (no gloves)
Will    .....                   (no boots)
Stlth   +.........              (no amulet)
HPRegen 0.09/turn               (no ring)
MPRegen 0.09/turn               (no ring)

@: held, wreathed by umbra
A: AC +5, unfitting armour, cold-blooded
a: Renounce Religion


You were on level 2 of the Dungeon.
You worshipped Dithmenos.
Dithmenos was aware of your devotion.
You visited 1 branch of the dungeon, and saw 2 of its levels.

You collected 48 gold pieces.

Inventory:

Hand Weapons
 a - a +0 hand crossbow (weapon)
Missiles
 c - 5 bolts (quivered ammo)
Scrolls
 b - a scroll of amnesia {unknown}
Potions
 d - a potion of haste {unknown}
 e - a potion of flight {unknown}


   Skills:
 + Level 1.2 Fighting
 + Level 2.8 Crossbows
 + Level 2.0 Dodging
 * Level 1.5 Spellcasting
 * Level 3.1 Hexes


You had 5 spell levels left.
You didn't know any spells.
Your spell library contained the following spells:

 Spells                   Type           Power      Damage    Failure   Level
 Slow                     Hex            9%         N/A       11%         2
 Inner Flame              Hex/Fire       5%         N/A       38%         3
 Portal Projectile        Hex/Tloc       10%        N/A       38%         3
 Cause Fear               Hex            4%         N/A       58%         4


Dungeon Overview and Level Annotations

Branches:
Dungeon (2/15)

Altars:
Dithmenos


Innate Abilities, Weirdness & Mutations

Your plain brown scales are hard. (AC +5)
You cannot fit into any form of body armour.
You are cold-blooded and may be slowed by cold attacks.


Message History

The ball python closely misses you. x2
You shoot a bolt.
The bolt hits the ball python but does no damage.
The ball python bites you but does no damage.
The ball python grabs you. The ball python constricts you.
The gnoll closely misses you.
A rat comes into view.
The ball python closely misses you. The ball python constricts you.
You shoot a bolt. The bolt hits the ball python!
You kill the ball python!
Dithmenos accepts your kill.
The gnoll hits you from afar with a +0 spear.
The gnoll closely misses you.
The gnoll throws a throwing net.
The throwing net hits you.
You become entangled in the net!
The gnoll hits you from afar with a +2 vampiric spear!
You are too injured to fight recklessly!
You are too injured to fight recklessly!
You are too injured to fight recklessly!
You struggle against the net.
The gnoll hits you from afar with a +0 spear.
The gnoll hits you from afar with a +2 vampiric spear.
You tear a large gash into the net.
The gnoll hits you from afar with a +0 spear.
* * * LOW HITPOINT WARNING * * *
The gnoll hits you from afar with a +2 vampiric spear.
* * * LOW HITPOINT WARNING * * *
You shred the net and break free!
The gnoll hits you from afar with a +0 spear.
* * * LOW HITPOINT WARNING * * *
The gnoll closely misses you.
The gnoll throws a throwing net.
The throwing net hits you.
You become entangled in the net!
You see here a throwing net.
You tear a large gash into the net.
You struggle against the net.
The gnoll hits you from afar with a +0 spear.
* * * LOW HITPOINT WARNING * * *
You struggle against the net.
The gnoll hits you from afar with a +0 spear.
You die...

. ##### .. ...# ..
#.#### #..#.###<@.g##
##. #......###gr###
....
...#.##..###...###..#
#........####.....###
##.####..####........
##...##..#####.
#.....(.# #.....(##
#.......)....


You could see 2 gnolls and a rat.

Vanquished Creatures
  2 gnolls (D:2)
  A dart slug (D:2)
  2 bats
  3 endoplasms (D:1)
  2 giant cockroaches (D:1)
  5 goblins (D:1)
  2 hobgoblins (D:1)
  6 kobolds (D:1)
  6 ball pythons
  7 frilled lizards (D:1)
  A rat (D:1)
37 creatures vanquished.

Notes
Turn   | Place    | Note
-------+----------+-------------------------------------------
     0 | D:1      | Lekart the Draconian Arcane Marksman began the quest for
                  | the Orb.
     0 | D:1      | Reached XP level 1. HP: 16/16 MP: 2/2
   484 | D:1      | Reached XP level 2. HP: 6/23 MP: 3/3
   922 | D:1      | Reached skill level 3 in Hexes
  1103 | D:1      | Reached XP level 3. HP: 28/28 MP: 5/5
  1218 | D:1      | Found a faded altar of an unknown god.
  1399 | D:1      | Prayed at the altar of an unknown god.
  1399 | D:1      | Became a worshipper of Dithmenos the Shadowed
  1399 | D:1      | Reached * piety under Dithmenos
  1448 | D:2      | Slain by a gnoll

Illustrated notes

Levels and vault maps discovered:
D:1:      elethiomel_arrival_quiet, layout_loops_cross,
          ebering_ecumenical_altar_hall
D:2:      layout_rooms

Skill      XL: |  1  2 |
---------------+-------+-----
Crossbows      | 2 |  2.8
Hexes          | 3 |  3.1
Dodging        | 2 |  2.0
Fighting       | |  1.2
Spellcasting   | |  1.5

Action                   || total
-------------------------++-------
Melee: Unarmed           ||    15
       Tailslap          ||     4
 Fire: Hand crossbow     ||    87
Armor: Skin              ||    17
Dodge: Dodged            ||    33

Table legend: (Time is in decaauts)
 A = Elapsed time spent in this place.
 B = Non-inter-level travel time spent in this place.
 C = Inter-level travel time spent in this place.
 D = Time resting spent in this place.
 E = Time spent auto-exploring this place.
 F = Levels seen in this place.
 G = Mean time per level.
                   A        B        C        D        E       F      G
               +--------+--------+--------+--------+--------+-----+--------+
         Total |   1478 |   1401 |     77 |    226 |    929 |   2 |  739.0 |
       Dungeon |   1478 |   1401 |     77 |    226 |    929 |   2 |  739.0 |
               +--------+--------+--------+--------+--------+-----+--------+

Top non-repeatable levels by time:
     D:1: 1435 daAuts
     D:2: 42 daAuts
